 Dungeon Crawl Stone Soup version 0.27-a0-592-g0306a34022 (webtiles) character file.

Game seed: 17335310636362609500

766 Laraso the Slicer (level 7, -6/35 HPs)
             Began as a Spriggan Berserker on Mar 11, 2021.
             Was an Elder of Trog.
             Mangled by an ogre
             ... wielding a +0 giant club
              (24 damage)
             ... on level 4 of the Dungeon.
             The game lasted 00:06:27 (5873 turns).

Laraso the Slicer (Spriggan Berserker)              Turns: 5873, Time: 00:06:28

Health: -6/35      AC:  2    Str: 13    XL:     7   Next: 52%
Magic:  8/8        EV: 19    Int:  8    God:    Trog [****..]
Gold:   203        SH:  0    Dex: 17    Spells: 6/6 levels left

rFire    . . .     SeeInvis +   a - +1 short sword
rCold    . . .     Faith    .   (shield restricted)
rNeg     . . .     Spirit   .   b - +0 animal skin
rPois    .         Reflect  .   (helmet restricted)
rElec    .         Harm     .   (no cloak)
rCorr    .         Rampage  .   (gloves unavailable)
Will     +....                  (boots unavailable)
Stlth    ++........             (no amulet)
HPRegen  0.11/turn              (no ring)
MPRegen  0.11/turn              (no ring)

@: very quick
A: very small, unfitting armour, see invisible, speed 3
a: Renounce Religion, Berserk, Trog's Hand, Brothers in Arms


You were on level 4 of the Dungeon.
You worshipped Trog.
Trog was greatly pleased with you.
You visited 1 branch of the dungeon, and saw 4 of its levels.

You collected 203 gold pieces.

Inventory:

Hand Weapons
 a - a +1 short sword (weapon)
Armour
 b - a +0 animal skin (worn)
Scrolls
 c - a scroll of fog
 d - 2 scrolls of enchant armour
 f - 6 scrolls of identify
 g - a scroll of fear {unknown}
 i - a scroll of magic mapping {unknown}
 j - a scroll of amnesia {unknown}
 k - a scroll of teleportation {unknown}
Potions
 e - a potion of attraction {unknown}
 h - a potion of mutation {unknown}


   Skills:
 - Level 2.4 Fighting
 * Level 9.4 Short Blades
 - Level 5.1 Dodging


You had 6 spell levels left.
You didn't know any spells.
Your spell library was empty.

Dungeon Overview and Level Annotations

Branches:
Dungeon (4/15)             Temple (0/1) D:4

Altars:
Cheibriados
Dithmenos
Elyvilon
Sif Muna
Wu Jian
The Shining One


Innate Abilities, Weirdness & Mutations

You are very small and have problems with some larger weapons.
You are too small for most types of armour.
You have supernaturally acute eyesight. (SInv)
You cover ground extremely quickly. (Speed+++)


Message History

Trog accepts your kill.
You see here an orc corpse.
You start resting.
You feel a strong urge to attack something.
You are no longer berserk.
You are exhausted.
You feel yourself slow down.
You start resting.
You feel yourself speed up.
You start resting.
HP restored.
k - a scroll labelled HERAGG BOIPROMP
Items here: )) [[ ††.
You start waiting.
You recover from your berserk rage.
You are a level 7 Spriggan Berserker.
You are 52% of the way to level 8.
Play time: 00:06:24 (5844 turns).
Zot will find you in 19211 turns if you stay in this branch and explore no new floors.
Things that are here:
a +0 morningstar; a +0 ring mail
Items here: )) [[ ††.
Found a stone staircase leading up.
You now have 203 gold pieces (gained 3).
There is a stone staircase leading up here.
An ogre comes into view. It is wielding a +0 giant club.
The ogre shouts!
The ogre moves out of view.
An ogre is nearby!
An ogre is nearby!
An ogre is nearby!
You hit the ogre.
The ogre is lightly wounded.
The ogre hits you with a +0 giant club!
You hit the ogre.
The ogre is lightly wounded.
You puncture the ogre!
The ogre is moderately wounded.
The ogre hits you with a +0 giant club!!
Ouch! That really hurt!
You die...

#### ##..#
#.<.##############
#................#
###................#
##....#...#.....##..#
#.....##..#....#....#
#....##....#..#@O...#
##....#......###.....#
......#.......###....#
......#..#....# #...#
##....#..#...#.. #.##
..)).......##.... .#
.##.†.##.... ..... #
......##...# #####
...........##


You could see an ogre.

Vanquished Creatures
  An ogre (D:4)
  A phantom (D:4)
  2 hounds (D:4)
  A bullfrog skeleton (D:4)
  4 orc priests
  3 orc wizards
  A worker ant (D:4)
  9 adders
  8 gnolls (D:3)
  An ooze (D:2)
  An adder skeleton (D:4)
  A worm (D:2)
  2 dart slugs
  2 leopard geckos
  27 orcs
  2 giant cockroaches
  10 goblins
  4 hobgoblins
  4 jackals
  A quokka (D:2)
  8 bats
  3 frilled lizards
  5 kobolds
  A leopard gecko skeleton (D:4)
  24 rats
126 creatures vanquished.

Notes
Turn   | Place    | Note
-------+----------+-------------------------------------------
     0 | D:1      | Laraso the Spriggan Berserker began the quest for the Orb.
     0 | D:1      | Reached XP level 1. HP: 11/11 MP: 2/2
   628 | D:1      | Reached XP level 2. HP: 16/16 MP: 3/3
  1243 | D:2      | Found a shimmering blue altar of Sif Muna.
  1280 | D:2      | Reached skill level 4 in Short Blades
  1357 | D:2      | Found a glowing golden altar of the Shining One.
  1519 | D:2      | Reached XP level 3. HP: 10/19 MP: 4/4
  1520 | D:2      | Reached ** piety under Trog
  1779 | D:2      | You fall into a shaft and drop 2 floors!
  1811 | D:4      | Found a staircase to the Ecumenical Temple.
  1909 | D:4      | Reached skill level 5 in Short Blades
  1909 | D:4      | Reached skill level 5 in Dodging
  1909 | D:4      | Reached XP level 4. HP: 20/23 MP: 5/5
  1992 | D:4      | Found a white marble altar of Elyvilon.
  1992 | D:4      | Found an ornate altar of the Wu Jian Council.
  2172 | D:4      | Noticed a phantom
  2184 | D:4      | Killed a phantom
  2185 | D:4      | Reached skill level 6 in Short Blades
  2185 | D:4      | Reached XP level 5. HP: 27/27 MP: 6/6
  2797 | D:4      | Noticed an ogre
  2807 | D:4      | Killed an ogre
  2808 | D:4      | Reached skill level 7 in Short Blades
  2808 | D:4      | Reached XP level 6. HP: 18/32 MP: 7/7
  3894 | D:3      | Reached skill level 8 in Short Blades
  4299 | D:3      | Reached XP level 7. HP: 27/35 MP: 8/8
  4364 | D:3      | Found a snail-covered altar of Cheibriados.
  4364 | D:3      | Found a shadowy altar of Dithmenos.
  4885 | D:3      | Reached *** piety under Trog
  4900 | D:3      | Reached skill level 9 in Short Blades
  5799 | D:4      | Reached **** piety under Trog
  5873 | D:4      | Mangled by an ogre

Illustrated notes

Levels and vault maps discovered:
D:1:      beargit_arrival_greenhouse, layout_loops_ring,
          serial_co_window_serial, co_window_corner_a, co_window_paths_a,
          co_window_paths_a, co_window_paths_a, co_window_paths_a,
          co_window_of_opportunity_a, co_window_paths_a, co_window_broadway_b,
          co_window_broadway_b, co_window_2corner, co_window_2corner,
          co_window_broadway_b, co_window_unsneaky_path_e, co_window_corner_b,
          glass_columns_b, glass_columns_a, glass_columns_c, glass_columns_c
D:2:      layout_basic, nicolae_tso_carved_into_rock, lemuel_crystal_altar,
          minmay_rat_hole
D:3:      layout_rooms, minitemple
D:4:      layout_cave_pools, gammafunk_temple_overflow_statue,
          minmay_temple_entry_glassed_door, minmay_misc_feat_chi,
          lemuel_tele_altar

Skill      XL: |  1  2  3  4  5  6  7 |
---------------+----------------------+-----
Short Blades   | 4 5 6 7 8 9 |  9.4
Dodging        | 5 |  5.1
Fighting       | |  2.4

Action                   |  1- 3 |  4- 6 |  7- 9 || total
-------------------------+-------+-------+-------++-------
Melee: Short sword       |   143 |   187 |   157 ||   487
Invok: Berserk           |     3 |    10 |     4 ||    17
       Trog's Hand       |       |     4 |       ||     4
  Use: Potion            |     2 |       |       ||     2
       Scroll            |       |     3 |       ||     3
 Stab: Sleeping          |     2 |       |     1 ||     3
Armor: Animal skin       |    11 |    11 |     7 ||    29
Dodge: Dodged            |   133 |   147 |    88 ||   368

Table legend: (Time is in decaauts)
 A = Elapsed time spent in this place.
 B = Non-inter-level travel time spent in this place.
 C = Inter-level travel time spent in this place.
 D = Time resting spent in this place.
 E = Time spent auto-exploring this place.
 F = Levels seen in this place.
 G = Mean time per level.
                   A        B        C        D        E       F      G
               +--------+--------+--------+--------+--------+-----+--------+
         Total |   4806 |   4687 |    119 |   2157 |   1762 |   4 | 1201.5 |
       Dungeon |   4806 |   4687 |    119 |   2157 |   1762 |   4 | 1201.5 |
               +--------+--------+--------+--------+--------+-----+--------+

Top non-repeatable levels by time:
     D:4: 1747 daAuts
     D:3: 1385 daAuts
     D:2: 972 daAuts
     D:1: 702 daAuts
